 Dungeon Crawl Stone Soup version 0.32-a0-22-g6ae6769602 (webtiles) character file.

Game seed: 7311623020988986924

315 MacCMillion the Chopper (level 6, -2/47 HPs)
             Began as a Formicid Fighter on Jan 18, 2024.
             Succumbed to an orc priest's poison
             ... on level 4 of the Dungeon.
             The game lasted 00:04:08 (3578 turns).

MacCMillion the Chopper (Formicid Fighter)          Turns: 3578, Time: 00:04:09

Health: -2/47      AC:  6    Str: 23    XL:     6   Next: 72%
Magic:  6/6        EV:  9    Int:  7    God:
Gold:   278        SH:  5    Dex: 13    Spells: 5/5 levels left

rFire   + + .        a - +0 war axe
rCold   + + .        c - +0 buckler
rNeg    . . .        b - +0 scale mail
rPois   .            (helmet unavailable)
rElec   .            i - scarf {rC+ rF+}
rCorr   .            (no gloves)
SInv    +            (no boots)
Will    .....        (no amulet) Stlth
                     m - ring of protection from cold
HPRegen 0.27/turn    e - ring of protection from fire
MPRegen 0.10/turn

%: no passive effects
@: lethally poisoned (-2 -> -15), attractive
A: permanent stasis, dig shafts and tunnels, antennae 3, four strong arms
a: Dig, Shaft Self


You were on level 4 of the Dungeon.
You visited 2 branches of the dungeon, and saw 6 of its levels.

You collected 278 gold pieces.

Inventory:

Hand Weapons
 a - a +0 war axe (weapon)
Missiles
 s - 3 javelins
Armour
 b - a +0 scale mail (worn)
 c - a +0 buckler (worn)
 i - a scarf of resistance (worn)
Jewellery
 e - a ring of protection from fire (right hand)
 m - a ring of protection from cold (left hand)
 r - a ring of protection from cold
 t - a ring of wizardry
 w - a ring of magical power
Scrolls
 g - 2 scrolls of amnesia
 h - a scroll of brand weapon {unknown}
 j - a scroll of enchant weapon {unknown}
 n - a scroll of revelation
 o - a scroll of blinking
 v - a scroll of acquirement {unknown}
 y - a scroll of identify
Potions
 d - a potion of might
 f - a potion of berserk rage
 k - 2 potions of enlightenment
 l - a potion of mutation {unknown}
 q - a potion of attraction
 u - a potion of degeneration {unknown}
 x - a potion of resistance {unknown}
 z - 2 potions of curing {unknown}


   Skills:
 - Level 3.2 Fighting
 + Level 6.6 Axes
 - Level 3.2 Armour
 - Level 4.0 Shields


You had 5 spell levels left.
You didn't know any spells.
Your spell library contained the following spells:

 Spells                   Type           Power      Damage    Failure   Level
 Shock                    Conj/Air       0%         1d3       80%         1
 Lesser Beckoning         Tloc           0%         N/A       91%         2
 Gell's Gravitas          Tloc           0%         N/A       99%         3
 Teleport Other           Tloc           0%         N/A       99%         3
 Airstrike                Air            0%         2d(0-16)  100%        4
 Anguish                  Hex/Necr       0%         N/A       100%        4
 Cause Fear               Hex            0%         N/A       100%        4
 Enfeeble                 Hex            0%         N/A       100%        7
 Swiftness                Air            Unusable   N/A       N/A         3

Dungeon Overview and Level Annotations

Branches:
Dungeon (5/15)             Temple (1/1) D:4

Altars:
Cheibriados
Dithmenos
Elyvilon
Fedhas
Hepliaklqana
Nemelex Xobeh
Ru
Vehumet
Wu Jian
Xom
Yredelemnul
The Shining One

Shops:
D:1 (


Innate Abilities, Weirdness & Mutations

You cannot be hasted, slowed, berserked, paralysed or teleported.
You can dig through walls and to a lower floor.
You have a pair of large antennae on your head. (SInv)
Your four strong arms can wield two-handed weapons with a shield.


Message History

HP restored.
You climb downwards.
The orc shouts!
You hear a shout! x2; You hear an angry hiss.
There is a stone staircase leading up, spattered with blood here.
An orc wizard comes into view. It is wielding a +0 dagger.
The orc priest mumbles some strange prayers to Beogh against you.
Beogh smites you! The orc barely misses you.
You climb upwards.
There is a stone staircase leading down here.
You closely miss the orc priest. You hit the orc.
The orc priest barely misses you. You block the orc's attack.
The orc priest invokes the aid of Beogh against you.
Beogh smites you! The orc hits you with a +0 club.
You are too injured to fight recklessly!
You are too injured to fight recklessly!
You slash the orc priest!
The orc priest is severely wounded.
You slash the orc!
You kill the orc!
The orc priest hits you but does no damage.
You hit the orc priest.
The orc priest is almost dead.
The orc priest hits you with a +2 dagger of venom.
You are poisoned.
You barely miss the orc priest.
The orc priest is almost dead.
You feel sick.
The orc priest invokes the aid of Beogh against you.
Beogh smites you!
* * * LOW HITPOINT WARNING * * *
You hit the orc priest.
The orc priest is almost dead.
* * * LOW HITPOINT WARNING * * *
You feel sick. The orc priest barely misses you.
The orc priest hits you with a +2 dagger of venom.
* * * LOW HITPOINT WARNING * * *
You are more poisoned.
It was a potion of attraction.
You feel attractive to monsters.
You die...

### ###### ######### #.### ###
##.#.o## #...#...# ....# #.#
#.....@# #.⌠.#.⌠..
....###.###.....)# #...#...#
.....#...#.##..### ##.###.##
....)#.....##..## #...#...#
.....##..###....# #.⌠...⌠.)
#.....#..##.....# #...#...#
#.....#..#.....## ######.##
.........##....#### #####...#...#
........##.....#..###.....⌠...⌠..


You could see an orc priest.

Vanquished Creatures
  An ogre (D:4)
  A bombardier beetle (D:4)
  Terence (D:3)
  An iguana (D:4)
  An orc wizard (D:3)
  4 adders
  A dart slug (D:4)
  2 ribbon worms
  12 orcs
  4 ball pythons
  6 bats
  3 endoplasms
  2 giant cockroaches
  3 goblins
  2 hobgoblins
  4 quokkas
  4 frilled lizards
  9 kobolds
  5 rats
66 creatures vanquished.

Notes
Turn   | Place    | Note
-------+----------+-------------------------------------------
     0 | D:1      | MacCMillion the Formicid Fighter began the quest for the
                  | Orb.
     0 | D:1      | Reached XP level 1. HP: 18/18 MP: 1/1
    99 | D:1      | Found Seryilog's Weapon Shop.
   114 | D:1      | Reached XP level 2. HP: 24/24 MP: 2/2
   357 | D:1      | Found a faded altar of an unknown god.
   416 | D:1      | Reached skill level 3 in Axes
   804 | D:2      | Reached XP level 3. HP: 22/29 MP: 3/3
  1249 | D:2      | Reached skill level 4 in Axes
  1249 | D:2      | Reached XP level 4. HP: 35/35 MP: 4/4
  1857 | D:3      | Noticed Terence
  1876 | D:3      | Killed Terence
  2056 | D:3      | Reached skill level 5 in Axes
  2056 | D:3      | Reached XP level 5. HP: 40/41 MP: 5/5
  2849 | D:4      | Reached skill level 6 in Axes
  2849 | D:4      | Reached XP level 6. HP: 44/47 MP: 6/6
  3169 | D:4      | Found a staircase to the Ecumenical Temple.
  3174 | Temple   | Entered the Ecumenical Temple
  3226 | D:5      | Entered Level 5 of the Dungeon
  3240 | D:5      | Noticed an ogre
  3260 | D:4      | Killed an ogre
  3577 | D:4      | HP: 1/47 [orc priest/+2 dagger of venom (2)]
  3578 | D:4      | Succumbed to an orc priest's poison

Illustrated notes

Levels and vault maps discovered:
D:1:      dpeg_arrival_snail, layout_loops_ring,
          shapermc_ecumenical_altar_acropolis, serial_shops,
          nicolae_shop_bloodbath_and_beyond
D:2:      layout_basic
D:3:      layout_loops_cross, serial_forest, infiniplex_forest_straight_3,
          infiniplex_forest_end_3, infiniplex_forest_lined_corner,
          infiniplex_forest_corner_2, uniq_terence
D:4:      layout_cave_pools, minmay_temple_entry_nine_rooms
D:5:      layout_gridville, nicolae_qazlal_scattered_showers,
          minmay_splitting_lines, serial_bayou_pond_e,
          minmay_misc_feat_more_columns, uniq_eustachio
Temple:   minmay_temple_forest_path

Skill      XL: |  1  2  3  4  5 |
---------------+----------------+-----
Axes           | 3 4 5 6 |  6.6
Fighting       | |  3.2
Armour         | |  3.2
Shields        | |  4.0

Action                     |  1- 3 |  4- 6 || total
---------------------------+-------+-------++-------
  Melee: War axe           |    91 |    94 ||   185
  Throw: Dart              |       |     5 ||     5
    Use: Scroll            |       |     6 ||     6
         Potion            |       |     1 ||     1
 Armour: Scale mail        |    65 |    53 ||   118
  Dodge: Dodged            |    50 |    35 ||    85
  Block: Buckler           |    20 |    11 ||    31

Table legend: (Time is in decaauts)
 A = Elapsed time spent in this place.
 B = Non-inter-level travel time spent in this place.
 C = Inter-level travel time spent in this place.
 D = Time resting spent in this place.
 E = Time spent auto-exploring this place.
 F = Levels seen in this place.
 G = Mean time per level.
                   A        B        C        D        E       F      G
               +--------+--------+--------+--------+--------+-----+--------+
         Total |   3638 |   3514 |    124 |    563 |   2302 |   6 |  606.3 |
       Dungeon |   3637 |   3513 |    124 |    563 |   2302 |   5 |  727.4 |
        Temple |      1 |      1 |      0 |      0 |      0 |   1 |    1.0 |
               +--------+--------+--------+--------+--------+-----+--------+

Top non-repeatable levels by time:
     D:3: 983 daAuts
     D:2: 923 daAuts
     D:4: 882 daAuts
     D:1: 804 daAuts
     D:5: 43 daAuts
  Temple: 1 daAuts
